 Dungeon Crawl Stone Soup version 0.28.0-47-ge53b351184 (webtiles) character file.

Game seed: 14062324510752391775

688 Icepheonix32 the Chiller (level 7, -11/50 HPs)
             Began as a Demonspawn Ice Elementalist on Apr 25, 2022.
             Killed from afar by a steam dragon (26 damage)
             ... with a ball of steam
             ... on level 5 of the Dungeon.
             The game lasted 00:09:08 (5496 turns).

Icepheonix32 the Chiller (DsIE)                     Turns: 5496, Time: 00:09:10

Health: -11/50     AC:  6    Str: 10    XL:     7   Next: 36%
Magic:  6/10       EV: 14    Int: 17    God:
Gold:   201        SH:  0    Dex: 20    Spells: 3/10 levels left

rFire   . . .      SeeInvis .   g - +1 dagger (flame)
rCold   . . .      Faith    .   (no shield)
rNeg    + + .      Spirit   .   a - +0 robe
rPois   +          Reflect  .   e - +0 helmet
rElec   .          Harm     .   (no cloak)
rCorr   .          Rampage  .   k - +0 pair of gloves of Fabulous Joy {rPois rN+ Dex+7}
Will    .....                   b - +0 pair of boots
Stlth   +++.......              (no amulet)
HPRegen 0.16/turn               n - ring of positive energy
MPRegen 0.12/turn               v - ring of poison resistance

@: no status effects
A: hooves 1, rugged brown scales 1, demonic magic 1
a: no special abilities


You were on level 5 of the Dungeon.
You visited 1 branch of the dungeon, and saw 5 of its levels.

You collected 201 gold pieces.

Inventory:

Hand Weapons
 g - a +1 dagger of flaming (weapon)
Missiles
 q - 15 poisoned darts
Armour
 a - a +0 robe (worn)
 b - a +0 pair of boots (worn)
 e - a +0 helmet (worn)
 k - the +0 pair of gloves of Fabulous Joy (worn) {rPois rN+ Dex+7}
   (You found it on level 2 of the Dungeon)

   Dex:       It affects your dexterity (+7).
   rPois:     It protects you from poison.
   rN:        It protects you from negative energy.
Jewellery
 n - a ring of positive energy (left hand)
 v - a ring of poison resistance (right hand)
 y - a ring of poison resistance
Wands
 w - a wand of charming (5)
Scrolls
 c - a scroll of brand weapon
 d - 2 scrolls of teleportation
 x - a scroll of fog
 z - 2 scrolls of immolation
Potions
 h - a potion of attraction
 j - a potion of magic
 l - 2 potions of might
 p - a potion of mutation {unknown}
 r - a potion of brilliance {unknown}
 u - a potion of invisibility {unknown}


   Skills:
 + Level 1.8 Fighting
 * Level 3.5 Dodging
 + Level 3.3 Stealth
 - Level 2.0 Spellcasting
 * Level 6.8 Ice Magic


You had 3 spell levels left.
You knew the following spells:

 Your Spells              Type           Power      Damage    Failure   Level
a - Freeze                Ice            100%       1d11      1%          1
b - Ozocubu's Armour      Ice            25%        N/A       3%          3
c - Frozen Ramparts       Ice            50%        1d7       3%          3

Your spell library contained the following spells:

 Spells                   Type           Power      Damage    Failure   Level
 Beastly Appendage        Tmut           2%         N/A       19%         1
 Wereblood                Tmut           1%         N/A       28%         2
 Spider Form              Tmut/Pois      1%         N/A       50%         3
 Hailstorm                Conj/Ice       13%        3d5       43%         4


Dungeon Overview and Level Annotations

Branches:
Dungeon (5/15)
 Temple: D:4-7

Altars:

Shops:
D:1 [


Innate Abilities, Weirdness & Mutations

You have large cloven feet.
You are partially covered in rugged brown scales. (AC +1, +3% HP)
Spells you cast may paralyse adjacent enemies.


Message History

Unknown command.
You barely miss the hound.
The hound is heavily wounded.
The wall freezes the hound.
The hound barely misses you.
The wall freezes the orc priest.
The wall freezes the hound.
The hound misses you.
The wall freezes the orc priest.
You kill the orc priest!
Unknown command.
You miss the hound.
The hound is severely wounded.
The wall freezes the hound.
The hound closely misses you.
The wall freezes the orc priest.
Unknown command.
You hit the hound but do no damage.
The hound is almost dead.
The wall freezes the hound.
The hound misses you.
The wall freezes the orc priest.
The wall freezes the orc.
The wall freezes the hound.
You kill the hound!
Unknown command.
Aiming: Charm
Press: ? - help, Shift-Dir - straight line, f - orc
Aim: an orc, wielding a +0 club (moderately wounded, chance to affect: 66%)
The orc is charmed.
The wall freezes the orc priest.
You kill the orc priest!
The frozen ramparts melt away.
You swap places.
Your icy armour cracks and falls away as you move.
Items here: )) [[ †.
The orc shouts!
You hear a shout!
Found 18 gold pieces.
The steam dragon breathes steam at you. The ball of steam hits you!!
It was a potion of cancellation.
You feel magically purged.
The orc warrior throws a boomerang.
The boomerang hits you.
* * * LOW HITPOINT WARNING * * *
The steam dragon breathes steam at you. The ball of steam hits you!!
Ouch! That really hurt!
You die...

. #............#
. #........##..#
. .
#........##.># .
..##..o.....##..#
.
.....o.....##..#
#
..##§....<..##..#
#
..§D§(.o....##..#
#§§.§.§....).#
###@#######.##
#.# #.# #.# #.#
#.# #.# #$# #.#
#.# #.# ..#
##.####### ###
#.#......#
##.#####.#


You could see an orc warrior, an orc and a friendly orc (charmed).

Vanquished Creatures
  A water moccasin (D:5)
  An ice beast (D:5)
  A kobold brigand (D:5)
  A hound (D:5)
  2 orc priests (D:5)
  2 iguanas (D:5)
  A bullfrog skeleton (D:4)
  A scorpion zombie (D:5)
  A hound skeleton (D:4)
  9 adders
  4 gnolls (D:3)
  2 adder skeletons (D:4)
  2 worms
  4 dart slugs
  2 orcs
  5 ball pythons
  4 endoplasms
  2 giant cockroaches
  4 goblins
  6 hobgoblins
  4 jackals
  8 kobolds
  3 quokkas
  5 bats
  2 frilled lizards
  3 rats
80 creatures vanquished.

Notes
Turn   | Place    | Note
-------+----------+-------------------------------------------
     0 | D:1      | Icepheonix32 the Demonspawn Ice Elementalist began the
                  | quest for the Orb.
     0 | D:1      | Reached XP level 1. HP: 13/13 MP: 3/3
   393 | D:1      | Found a faded altar of an unknown god.
   547 | D:1      | Reached skill level 4 in Ice Magic
   557 | D:1      | Gained mutation: Spells you cast may paralyse adjacent
                  | enemies. [demonic ancestry]
   557 | D:1      | Reached XP level 2. HP: 7/19 MP: 0/5
   806 | D:1      | Found Qyunillaxe's Armour Shoppe.
  1961 | D:2      | Identified the +0 pair of gloves of Fabulous Joy {rPois rN+
                  | Dex+7}
  2028 | D:2      | Gained mutation: You have large cloven feet. [demonic
                  | ancestry]
  2028 | D:2      | Reached XP level 3. HP: 25/25 MP: 4/6
  2852 | D:3      | Reached XP level 4. HP: 31/31 MP: 2/7
  2920 | D:3      | Learned a level 3 spell: Ozocubu's Armour
  2924 | D:3      | Learned a level 3 spell: Frozen Ramparts
  2982 | D:3      | Reached skill level 1 in Fighting
  2982 | D:3      | Reached skill level 5 in Ice Magic
  3305 | D:3      | Gained mutation: You are partially covered in rugged brown
                  | scales. (AC +1, +3% HP) [demonic ancestry]
  3305 | D:3      | Reached XP level 5. HP: 32/38 MP: 4/8
  4501 | D:5      | Entered Level 5 of the Dungeon
  4526 | D:5      | Reached XP level 6. HP: 27/44 MP: 3/9
  4698 | D:5      | Noticed a water moccasin
  4701 | D:5      | Reached skill level 6 in Ice Magic
  4721 | D:5      | Killed a water moccasin
  4812 | D:5      | Noticed an ice beast
  4842 | D:5      | Killed an ice beast
  4843 | D:5      | Reached XP level 7. HP: 17/50 MP: 5/10
  5471 | D:5      | Noticed a steam dragon
  5496 | D:5      | Killed from afar by a steam dragon

Illustrated notes

Levels and vault maps discovered:
D:1:      dpeg_arrival_snail, layout_basic, serial_shops,
          nicolae_shop_behind_doors, shapermc_ecumenical_altar_starsandcircs
D:2:      layout_basic, dk_vineyard_3
D:3:      layout_loops_ring
D:4:      layout_layer_cave
D:5:      layout_loops_ring, grunt_temple_overflow_bloody_war

Skill      XL: |  1  2  3  4  5  6 |
---------------+-------------------+-----
Ice Magic      | 4 5 6 |  6.8
Dodging        | 2 3 |  3.5
Fighting       | 1 |  1.8
Stealth        | 2 3 |  3.3
Spellcasting   | |  2.0

Action                   |  1- 3 |  4- 6 |  7- 9 || total
-------------------------+-------+-------+-------++-------
Melee: Unarmed           |    13 |       |       ||    13
       Punch             |     3 |     2 |       ||     5
       Dagger            |    50 |   120 |    29 ||   199
       Kick              |     7 |       |       ||     7
 Cast: Freeze            |    38 |    15 |       ||    53
       Ozocubu's Armour  |       |     9 |     3 ||    12
       Frozen Ramparts   |       |     3 |     1 ||     4
Evoke: Wand              |       |       |     1 ||     1
  Use: Scroll            |     4 |     1 |     5 ||    10
       Potion            |       |     1 |     2 ||     3
 Stab: Paralysed         |     5 |    12 |       ||    17
       Sleeping          |     4 |     4 |     1 ||     9
Armor: Robe              |    24 |    48 |     9 ||    81
Dodge: Dodged            |    45 |    68 |    17 ||   130
